 Dungeon Crawl Stone Soup version 0.21-a0-404-g291f19a (webtiles) character file.

693163 theanonym the Ruinous (level 27, -39/168 HPs)
             Began as a Gargoyle Conjurer on Oct 27, 2017.
             Was a High Priest of Sif Muna.
             Killed from afar by Cerebov (57 damage)
             ... with a great blast of fire
             ... in Pandemonium on Oct 29, 2017.
             The game lasted 08:33:29 (110506 turns).

theanonym the Ruinous (Gargoyle Conjurer)         Turns: 110506, Time: 08:33:30

Health: -39/168    AC: 37    Str:  7 (8)  XL:     27
Magic:  6/47       EV: 17    Int: 33      God:    Sif Muna [*****.]
Gold:   3927       SH: 15    Dex: 21      Spells: 3/66 levels left

rFire    + + .     SeeInvis .   b - staff of conjuration
rCold    + + +     Gourm    .   T - +2 shield of Resistance {rF+ rC+ MR+}
rNeg     + + +     Faith    .   P - +2 robe {Archmagi}
rPois    ∞         Spirit   .   I - +1 helmet of Qiweeff {rPois rF+++ Regen+ Dex-4}
rElec    +         Reflect  .   A - +2 cloak
rCorr    .         Harm     .   c - +2 pair of gloves {Dex+3}
MR       ++++.                  y - +2 pair of boots {Fly}
Stlth    ++++......             j - amulet of Gin and Tonic {RegenMP rN++ Str-3 Stlth+}
HPRegen  0.78/turn              G - ring of Dawn {rC++ MR+ Str-2 Dex+3}
MPRegen  0.55/turn              Y - ring of wizardry

@: brilliant, agile, fire vulnerable, flying, divine energy
A: big wings, agile 2, deterioration 1, negative energy resistance 1,
electricity resistance, unbreathing, petrification resistance, rot immunity,
MP-powered wands, AC +20
}: 4/15 runes: barnacled, slimy, demonic, gossamer
a: Stop Flying, Stop Divine Energy, Channel Magic, Forget Spell, Renounce
Religion


You were in Pandemonium.
You worshipped Sif Muna.
Sif Muna was extremely pleased with you.
You were not hungry.

You visited 12 branches of the dungeon, and saw 57 of its levels.
You visited Pandemonium 1 time, and saw 6 of its levels.
You visited 1 bazaar.
You also visited: Ossuary and Ice Cave.

You collected 9080 gold pieces.
You spent 5153 gold pieces at shops.

Inventory:

Armour
 c - a +2 pair of gloves of dexterity (worn)
   (You found it on level 5 of the Pits of Slime)
 y - a +2 pair of boots of flying (worn)
   (You found it on level 3 of the Elven Halls)
 A - a +2 cloak (worn)
   (You took it off a draconian monk on level 1 of the Realm of Zot)
 I - the +1 helmet of Qiweeff (worn) {rPois rF+++ Regen+ Dex-4}
   (You bought it in a shop on level 10 of the Dungeon)

   It affects your dexterity (-4).
   It renders you almost immune to fire.
   It protects you from poison.
   It increases your rate of regeneration.
 P - a +2 robe of the Archmagi (worn)
   (You found it on level 5 of the Pits of Slime)
 T - the +2 shield of Resistance (worn) {rF+ rC+ MR+}
   (You found it on level 1 of the Depths)

   It protects you from fire.
   It protects you from cold.
   It affects your resistance to hostile enchantments.
Magical Staves
 b - an uncursed staff of conjuration (weapon)
   (You found it on level 3 of the Elven Halls)
 S - an uncursed staff of energy
   (You found it in Pandemonium)
Jewellery
 f - a +4 amulet of reflection
   (You bought it in a shop in a bazaar)
 j - the amulet of Gin and Tonic (around neck) {RegenMP rN++ Str-3 Stlth+}
   (You acquired it on level 4 of the Shoals)

   [amulet of magic regeneration]

   It increases your magic regeneration.
   It affects your strength (-3).
   It greatly protects you from negative energy.
   It makes you more stealthy.
 o - an uncursed ring of resist corrosion
   (You found it in an ice cave)
 G - the ring of Dawn (left hand) {rC++ MR+ Str-2 Dex+3}
   (You bought it in a shop on level 1 of the Depths)

   [ring of protection from magic]

   It affects your strength (-2).
   It affects your dexterity (+3).
   It greatly protects you from cold.
   It affects your resistance to hostile enchantments.
 X - the ring "Zueceo Raita" {rN+ MR+ Str+3 Dex+4}
   (You found it on level 3 of the Crypt)

   [ring of positive energy]

   It affects your strength (+3).
   It affects your dexterity (+4).
   It protects you from negative energy.
   It affects your resistance to hostile enchantments.
 Y - a ring of wizardry (right hand)
   (You found it on level 1 of the Lair of Beasts)
Wands
 J - a wand of digging (24/24)
   (You found it on level 4 of the Spider Nest)
 M - a wand of acid (14/15)
   (You found it on level 9 of the Dungeon)
 N - a wand of clouds (7/9)
   (You found it on level 2 of the Realm of Zot)
Scrolls
 l - 17 scrolls of teleportation
 m - 5 scrolls of fear {!r}
 n - 4 scrolls of immolation
 r - 12 scrolls of identify
 t - 25 scrolls of remove curse
 v - 9 scrolls of blinking
 D - 5 scrolls of fog {!r}
 K - 3 scrolls of silence
 L - a scroll of recharging
 V - 11 scrolls of magic mapping
Potions
 h - a potion of resistance
 i - 3 potions of invisibility
 k - 2 potions of brilliance
 q - 9 potions of might
 s - 8 potions of cancellation
 w - 7 potions of agility
 z - 4 potions of ambrosia
 C - 17 potions of curing
 Q - a potion of mutation
 U - 5 potions of magic
 W - 4 potions of heal wounds
Books
 a - Sif Muna's Catalogue of Attacks and Hexes {god gift}
   (Sif Muna gifted it to you on level 5 of the Pits of Slime)

   Spells                             Type                      Level
   a - Throw Flame                    Conjuration/Fire             2
   b - Dazzling Spray                 Conjuration/Hexes            3
   c - Lehudib's Crystal Spear        Conjuration/Earth            8
 d - Sif Muna's Almanac of the Snowflakes and Toxins {god gift}
   (Sif Muna gifted it to you on level 4 of the Depths)

   Spells                             Type                      Level
   a - Throw Frost                    Conjuration/Ice              2
   b - Mephitic Cloud                 Conjuration/Poison/Air       3
   c - Ice Form                       Ice/Transmutation            4
   d - Poison Arrow                   Conjuration/Poison           6
   e - Glaciate                       Conjuration/Ice              9
 g - the Tome of Evil Arts
   (You found it on level 3 of the Crypt)

   Spells                             Type                      Level
   a - Pain                           Necromancy                   1
   b - Corpse Rot                     Necromancy                   2
   c - Control Undead                 Necromancy                   4
   d - Dispel Undead                  Necromancy                   5
   e - Simulacrum                     Ice/Necromancy               6
   f - Death's Door                   Charms/Necromancy            8
 p - a book of the Sky
   (You found it on level 3 of the Elven Halls)

   Spells                             Type                      Level
   a - Summon Lightning Spire         Summoning/Air                4
   b - Silence                        Hexes/Air                    5
   c - Deflect Missiles               Charms/Air                   6
   d - Conjure Ball Lightning         Conjuration/Air              6
   e - Tornado                        Air                          9
 x - Woladdy's Grimoire of Congealing Translocation {god gift}
   (Sif Muna gifted it to you on level 2 of the Realm of Zot)

   Spells                             Type                      Level
   a - Throw Frost                    Conjuration/Ice              2
   b - Ensorcelled Hibernation        Hexes/Ice                    2
   c - Ozocubu's Refrigeration        Ice                          6
   d - Dispersal                      Translocation                6
 E - a book of the Tempests
   (You found it on level 3 of the Crypt)

   Spells                             Type                      Level
   a - Static Discharge               Conjuration/Air              3
   b - Lightning Bolt                 Conjuration/Air              5
   c - Ignition                       Fire                         8
   d - Tornado                        Air                          9
   e - Shatter                        Earth                        9
 F - a book of Geomancy {god gift}
   (Sif Muna gifted it to you in Pandemonium)

   Spells                             Type                      Level
   a - Sandblast                      Earth                        1
   b - Passwall                       Transmutation/Earth          2
   c - Stone Arrow                    Conjuration/Earth            3
   d - Petrify                        Transmutation/Earth          4
   e - Lee's Rapid Deconstruction     Earth                        5
 H - a book of Power
   (You bought it in a shop in a bazaar)

   Spells                             Type                      Level
   a - Iskenderun's Battlesphere      Conjuration/Charms           5
   b - Venom Bolt                     Conjuration/Poison           5
   c - Bolt of Magma                  Conjuration/Fire/Earth       5
   d - Iron Shot                      Conjuration/Earth            6
   e - Orb of Destruction             Conjuration                  7
   f - Spellforged Servitor           Conjuration/Summoning        7
Miscellaneous
 u - a fan of gales
   (You found it on level 5 of the Pits of Slime)
 R - 4 phantom mirrors
Comestibles
 e - 13 fruits
 B - 8 royal jellies


   Skills:
 + Level 16.1 Fighting
 - Level 8.0 Armour
 - Level 1.5 Dodging
 - Level 2.1 Stealth
 - Level 15.0 Shields
 - Level 20.0 Spellcasting
 * Level 24.8 Conjurations
 - Level 2.8 Charms
 - Level 5.1 Translocations
 - Level 23.5 Fire Magic
 * Level 19.7 Ice Magic
 - Level 15.0 Invocations


You had 3 spell levels left.
You knew the following spells:

 Your Spells              Type           Power        Failure   Level  Hunger
a - Iron Shot             Conj/Erth      ########..   1%          6    None
b - Bolt of Fire          Conj/Fire      #########.   0%          6    None
c - Orb of Destruction    Conj           #########.   1%          7    ##.....
d - Ignition              Fire           ########..   1%          8    ####...
e - Bolt of Cold          Conj/Ice       #########.   0%          6    None
f - Fireball              Conj/Fire      #########.   0%          5    None
g - Blink                 Tloc           N/A          1%          2    None
j - Fire Storm            Conj/Fire      #########.   1%          9    ######.
r - Regeneration          Chrm/Necr      #######...   1%          3    None
s - Swiftness             Chrm/Air       #######.     1%          2    None
v - Glaciate              Conj/Ice       #########.   1%          9    ######.


Dungeon Overview and Level Annotations

Branches:
Dungeon (15/15)            Temple (1/1) D:7            Lair (6/6) D:11
 Shoals (4/4) Lair:3       Spider (4/4) Lair:4        Slime (5/5) Lair:5
    Orc (2/2) D:9             Elf (3/3) Orc:2        Vaults (5/5) D:13
  Crypt (3/3) Vaults:2       Tomb (0/3) Crypt:3      Depths (5/5) D:15
    Zot (4/5) Depths:5

Altars:
Ashenzari
Cheibriados
Dithmenos
Elyvilon
Fedhas
Gozag
Hepliaklqana
Kikubaaqudgha
Makhleb
Nemelex Xobeh
Okawaru
Qazlal
Ru
Sif Muna
Trog
Uskayaw
Vehumet
Wu Jian
Xom
Yredelemnul
Zin
The Shining One
Jiyva

Shops:
D:6 :   D:8 **   D:10 [   Orc:2 =*([   Elf:1 [   Elf:3 *![[!   Shoals:2 %
Vaults:1 =   Depths:1 }=}   Depths:4 **=

Portals:
Hell: Depths:1 Depths:2 Depths:3 Depths:4 Depths:5
Abyss: Depths:1 Depths:2 Depths:4 Depths:5
Pandemonium: Depths:1 Depths:3
Ziggurat: Depths:4

Annotations:
D:2 exclusion: centaur
D:9 1 exclusion
Lair:1 exclusion: 4 oklob plants
Spider:1 Asterion
Vaults:5 Mennas
Depths:4 exclusion: orange crystal statue
Zot:3 exclusion: 6 doors
Zot:4 1 transporter
Pan Cerebov


Innate Abilities, Weirdness & Mutations

You are resistant to torment.
Your stone body is resilient. (AC +20)
You are immune to poison.
Your large and strong wings let you fly indefinitely.
You resist negative energy. (rN+)
You are resistant to electric shocks. (rElec)
You can survive without breathing.
You are immune to petrification.
You are immune to rotting.
You are very agile. (Dex +4)
Your body sometimes deteriorates upon taking damage.
You expend magic power (3 MP) to strengthen your wands.


Message History

Aim: Cerebov, wielding a great serpentine sword {flame} (freezing vapour, lightly wounded, fast, encased in ice)
You feel a strong surge of power!
The bolt of cold hits Cerebov.
The bolt of cold hits the efreet shaped block of ice.
The efreet shaped block of ice completely resists.
Cerebov closely misses you.
You now have 33/47 mp.
Aim: Cerebov, wielding a great serpentine sword {flame} (freezing vapour, moderately wounded, fast, encased in ice)
You feel a strong surge of power!
The bolt of cold hits Cerebov.
The bolt of cold hits the efreet shaped block of ice.
The efreet shaped block of ice completely resists.
Cerebov is engulfed in freezing vapours.
You block Cerebov's attack. The ynoxinul barely misses you.
Cerebov barely misses you.
You now have 31/47 mp.
Aim: Cerebov, wielding a great serpentine sword {flame} (freezing vapour, moderately wounded, fast, encased in ice)
You feel a strong surge of power!
The bolt of cold hits Cerebov.
The bolt of cold hits the efreet shaped block of ice.
The efreet shaped block of ice completely resists.
You block the ynoxinul's attack.
Cerebov is engulfed in freezing vapours.
Cerebov hits you with a great serpentine sword {flame}!
The sword of Cerebov burns away your fire resistance.
You take 9 damage, and have 142/168 hp.
You now have 30/47 mp.
Aim: Cerebov, wielding a great serpentine sword {flame} (freezing vapour, moderately wounded, fast, encased in ice)
You feel a strong surge of power!
The bolt of cold hits Cerebov.
The bolt of cold hits the efreet shaped block of ice.
The efreet shaped block of ice completely resists.
You block the ynoxinul's attack. You block Cerebov's attack.
Aim: Cerebov, wielding a great serpentine sword {flame} (freezing vapour, heavily wounded, fast, encased in ice)
You feel a strong surge of power!
The bolt of cold hits Cerebov.
The bolt of cold hits the efreet shaped block of ice.
The efreet shaped block of ice completely resists.
You feel less invigorated. The ynoxinul gestures at you.
The iron shot misses you. Cerebov hits you but does no damage.
Aim: Cerebov, wielding a great serpentine sword {flame} (freezing vapour, heavily wounded, fast, encased in ice)
You feel a strong surge of power!
The bolt of cold hits Cerebov.
The bolt of cold hits the efreet shaped block of ice.
The efreet shaped block of ice completely resists.
Cerebov gestures at you.
A raging storm of fire appears!
The great blast of fire engulfs you! You partially resist.
Your body deteriorates!
You feel weakened.
You hear a sizzling sound!
The great blast of fire engulfs Cerebov.
Cerebov partially resists.
You hear a sizzling sound!
The great blast of fire engulfs the ynoxinul.
The ynoxinul dies!
You hear a sizzling sound! x3 2 fire vortices come into view.
Aim: Cerebov, wielding a great serpentine sword {flame} (severely wounded, fast, encased in ice, hasn't noticed you)
You feel a strong surge of power!
The bolt of cold hits Cerebov.
Cerebov shouts, "Thy will shall be my dinner!"
The bolt of cold hits the efreet shaped block of ice.
The efreet shaped block of ice completely resists.
* * * LOW MAGIC WARNING * * *
You are engulfed in blazing flames.
You resist. Cerebov gestures at you. The iron shot hits you!
* * * LOW HITPOINT WARNING * * *
You block Cerebov's attack.
You take 87 damage, and have 57/168 hp.
MASSIVE DAMAGE!!
You now have 19/47 mp.
Aim: Cerebov, wielding a great serpentine sword {flame} (severely wounded, fast, encased in ice)
You feel a strong surge of power!
The bolt of cold hits Cerebov.
The bolt of cold hits the efreet shaped block of ice.
The efreet shaped block of ice completely resists.
* * * LOW MAGIC WARNING * * *
You are engulfed in blazing flames.
You resist.
* * * LOW HITPOINT WARNING * * *
You feel less vulnerable to fire.
Cerebov hits you with a great serpentine sword {flame}!!
* * * LOW HITPOINT WARNING * * *
Cerebov burns you.
* * * LOW HITPOINT WARNING * * *
The sword of Cerebov burns away your fire resistance.
You take 34 damage, and have 23/168 hp.
MASSIVE DAMAGE!!
You now have 13/47 mp.
You feel a surge of power!
You blink.
* * * LOW MAGIC WARNING * * *
Found a plate armour.
You now have 12/47 mp.
You feel much better.
Cerebov gestures.
You regained 20 hp, and now have 44/168 hp.
You feel a surge of power!
You blink.
* * * LOW MAGIC WARNING * * *
You now have 11/47 mp.
You feel much better.
Cerebov gestures.
You regained 28 hp, and now have 73/168 hp.
Aim: Cerebov, wielding a great serpentine sword {flame} (severely wounded, fast)
You feel a strong surge of power!
The bolt of cold hits Cerebov.
* * * LOW MAGIC WARNING * * *
The efreet shaped block of ice melts away.
Cerebov gestures at you. The iron shot hits you!
* * * LOW HITPOINT WARNING * * *
Cerebov gestures at you.
A raging storm of fire appears!
The great blast of fire engulfs you! You partially resist.
You die...

*****,**,,##...8####...#.........
*,,,*,**,##...8).2v§.............
*,,,+,*,,#.....§.&...............
*,,,*,**,*#....1.'...v...........
*****,**,.##...&####...#.........
,,,,*,**#.......####.#####......#
,,,,*,**#.........##.#,,,#......#
,,,,*,,*#.........##.+,,,*......#
,,,,**,*#.......@.##.#,,,*......#
,,,,,*,*###.#######*,*****,,,,,,,
,,,,,*,***#.********,,*,,,,,,,,,,
,,,,,*,,,,#**,,,,,,,,**,,,,,,,,,,
,,,,**+**,***,**+**,**,,,,,,*,,,,
,,,,*,,,*,,,,,*,,,***,,,,,,,*****
,,,,*,,,*******,,,*,,,,,,,,,*
,,,,*,,,*,,,,,*,,,*,,,,,,,,,*
,,,,*****,,,,,*****,,,,,,,,,*


You could see Cerebov and a Tzitzimitl.

Vanquished Creatures
  3 pandemonium lords (Pan)
  the Royal Jelly (Slime:5)
  Khufu (Crypt:2)
  3 ancient liches
  2 greater mummies (Crypt:2)
  Sojobo (Depths:2)
  Bai Suzhen (Vaults:2)
  A curse toe (Zot:2)
  Frederick (Depths:2)
  Saint Roka (Elf:2)
  A Killer Klown (Zot:4)
  Xtahua (Vaults:4)
  6 caustic shrikes
  9 golden dragons
  2 bone dragons
  7 Tzitzimimeh (Pan)
  10 Brimstone Fiends (Pan)
  Jorgrun (Crypt:2)
  5 liches
  A Hell Sentinel (Pan)
  8 tentacled monstrosities
  A shard shrike skeleton (Crypt:2)
  An Ice Fiend (Pan)
  Rupert (D:14)
  19 acid blobs
  2 deep elf blademasters
  6 quicksilver dragons
  A deep elf master archer (Elf:3)
  5 Executioners (Pan)
  8 death cobs
  The ghost of stickyfingers the Impaler, an adept TeEE of Qazlal (Vaults:1)
  Agnes (Depths:2)
  The ghost of Ontamu the Thaumaturge, an adept GnCj of Sif Muna (Shoals:4)
  4 sphinxes (Elf:2)
  A kraken (Shoals:3)
  4 ancient champions
  Kirke (D:14)
  4 shadow dragons
  6 tengu reavers
  6 storm dragons
  4 draconian monks
  18 azure jellies
  Ilsuiw (Shoals:4)
  8 vault wardens
  An azure jelly (shapeshifter) (Depths:3)
  Aizul (Elf:3)
  2 draconian scorchers
  4 ghost moths
  3 blood saints (Pan)
  9 fire giants
  3 draconian knights
  An iron dragon (Depths:2)
  6 emperor scorpions
  9 deep elf sorcerers
  6 frost giants
  3 warmongers (Pan)
  2 curse skulls (Crypt:1)
  3 orc warlords
  Louise (Elf:2)
  9 balrugs (Pan)
  7 cacodemons (Pan)
  A draconian stormcaller (Zot:2)
  2 draconian shifters (Zot:2)
  5 ghouls
  A caustic shrike zombie (Depths:4)
  A juggernaut zombie (Depths:4)
  4 deep elf elementalists
  18 stone giants
  4 war gargoyles (Crypt:3)
  4 spriggan defenders
  2 draconian annihilators
  3 reapers
  12 ironheart preservers
  An entropy weaver (Vaults:2)
  5 corrupters (Pan)
  11 vampire knights
  14 very ugly things
  Nessos (Lair:5)
  7 deep elf annihilators
  11 deep elf demonologists
  5 black draconians
  2 black suns (Pan)
  3 white draconians
  9 green draconians
  5 yellow draconians
  A spark wasp (shapeshifter) (Depths:1)
  Snorg (D:10)
  8 purple draconians
  16 blizzard demons
  12 ettins
  4 red draconians
  10 spark wasps
  4 eidola
  10 deep elf death magi
  4 green deaths (Pan)
  3 crystal guardians (Crypt:3)
  7 death oozes
  13 fire dragons
  5 merfolk javelineers (Shoals:4)
  A spectral golden dragon (Depths:4)
  7 jiangshi
  2 quicksilver dragon zombies
  14 merfolk impalers
  A hell beast (Pan)
  4 deep elf high priests
  10 yaktaur captains
  6 monstrous demonspawn
  13 great orbs of eyes
  14 ice dragons
  Erolcha (D:9)
  Fannar (Orc:1)
  4 spriggan air magi
  28 vault guards
  An ice dragon (shapeshifter) (D:15)
  9 rakshasas
  12 hydras
  12 centaur warriors
  2 juggernaut simulacra (Pan)
  An alligator snapping turtle (Shoals:1)
  4 merfolk avatars
  4 death knights
  52 two-headed ogres
  11 merfolk aquamancers
  2 satyrs
  29 dancing weapons
  11 deep troll shamans
  9 deep troll earth magi
  A satyr (shapeshifter) (D:15)
  15 ogre magi
  A hell hog (Depths:4)
  9 vampire magi
  A tengu warrior (Depths:4)
  A titan zombie (Crypt:1)
  A shock serpent (shapeshifter) (Depths:4)
  17 sun demons (Pan)
  An orc high priest (Elf:3)
  22 soul eaters
  8 spriggan berserkers
  18 deep elf knights
  8 iron trolls
  9 small abominations
  11 hell knights
  16 large abominations
  A fire crab (shapeshifter) (Depths:2)
  4 shadow wraiths
  A salamander mystic (Depths:5)
  3 infernal demonspawn (Pan)
  6 unseen horrors
  10 sixfirhies (Pan)
  A storm dragon skeleton (Crypt:2)
  4 gelid demonspawn (Pan)
  8 glowing orange brains
  17 deep trolls
  13 sea snakes
  A golden dragon zombie (Crypt:3)
  5 shadow demons (Pan)
  47 skeletal warriors
  2 flayed ghosts
  2 torturous demonspawn (Pan)
  A golden dragon skeleton (Crypt:3)
  12 orc knights
  13 necromancers
  2 wizards
  13 deep elf archers
  A kraken simulacrum (Shoals:4)
  A shadow dragon zombie (Depths:4)
  14 ironbrand convokers
  A tengu zombie (Vaults:3)
  21 harpies
  An orb spider (shapeshifter) (D:15)
  6 phantasmal warriors
  The ghost of graki42 the Ruffian, a novice DrTm (D:6)
  An iron dragon zombie (Depths:4)
  8 shining eyes
  A mana viper (shapeshifter) (Depths:5)
  14 orb spiders
  30 ugly things
  25 wolf spiders
  3 salamanders (Depths:5)
  3 orc sorcerers
  2 oklob plants (Shoals:4)
  53 deep elf magi
  A shadow dragon skeleton (Depths:4)
  2 stone giant zombies (Crypt:3)
  6 cyclopes
  2 frost giant zombies
  18 moths of wrath
  14 manticores
  7 fauns
  2 centaur zombies (D:14)
  A dire elephant zombie (Crypt:3)
  2 rust devils (Pan)
  A stone giant skeleton (Vaults:3)
  A moth of wrath (shapeshifter) (Vaults:1)
  10 merfolk sirens
  A guardian serpent (Depths:5)
  A spiny frog (shapeshifter) (D:14)
  2 frost giant skeletons
  5 black mambas
  A guardian serpent (shapeshifter) (Depths:4)
  5 water nymphs
  6 vault sentinels
  2 eyes of devastation
  A grey draconian zombie (Crypt:1)
  16 smoke demons (Pan)
  6 orange demons
  7 ice statues
  2 gargoyles
  6 rime drakes
  An elephant slug zombie (Crypt:1)
  2 rime drakes (shapeshifter)
  11 spiny frogs
  2 torpor snails
  3 centaur skeletons
  A yaktaur zombie (Vaults:3)
  3 hellions (Pan)
  59 yaktaurs
  7 freezing wraiths
  5 hellwings (Pan)
  4 tengu conjurers (Depths:2)
  A dire elephant skeleton (Crypt:3)
  2 efreet (Pan)
  A kobold demonologist (D:13)
  2 tormentors
  4 komodo dragons
  12 demonic crawlers
  6 ice devils
  6 red devils (Pan)
  A yaktaur skeleton (Vaults:3)
  35 merfolk
  8 trolls
  A ghost moth simulacrum (Crypt:1)
  A tengu simulacrum (Depths:4)
  9 wind drakes
  A meliai (shapeshifter) (Vaults:3)
  21 jumping spiders
  A hydra skeleton (Crypt:3)
  12 polar bears (Lair:6)
  2 raiju (Lair:6)
  12 hornets
  2 bog bodies (Crypt:2)
  18 blink frogs
  An ettin zombie (Crypt:3)
  A harpy skeleton (Crypt:3)
  15 hippogriffs
  A fire dragon zombie (Crypt:3)
  9 snapping turtles
  A polar bear (shapeshifter) (D:15)
  2 elf zombies (Depths:4)
  9 dream sheep
  A meliai zombie (D:12)
  93 slime creatures
  An alligator skeleton (Crypt:3)
  A vampire (D:15)
  2 spriggans (Depths:3)
  12 wraiths
  39 flying skulls
  60 redbacks
  14 tarantellas
  A centaur simulacrum (D:15)
  5 shadows
  32 yaks
  8 air elementals
  A human (D:8)
  A human (shapeshifter) (Vaults:2)
  14 ynoxinuls (Pan)
  30 water elementals
  4 fire elementals
  4 wyverns
  A golden eye (shapeshifter) (Depths:4)
  6 golden eyes (Slime:5)
  7 hogs
  6 basilisks (Lair:4)
  11 chaos spawn (Pan)
  7 hungry ghosts
  2 human simulacra (Vaults:2)
  A wind drake skeleton (Crypt:2)
  7 neqoxecs
  A soldier ant (D:10)
  15 wargs
  22 water moccasins
  2 acid dragons
  30 hell hounds
  4 floating eyes
  A spiny frog zombie (Crypt:1)
  A water nymph skeleton (Crypt:1)
  8 porcupines
  A torturous demonspawn skeleton (Crypt:1)
  54 orc warriors
  19 ice beasts
  6 sky beasts
  7 eyes of draining
  13 black bears
  A hornet zombie (Crypt:2)
  7 necrophages
  A phantom (D:8)
  33 wolves
  A hog zombie (Crypt:1)
  18 boggarts
  A lindwurm zombie (Crypt:2)
  51 ogres
  32 centaurs
  5 big kobolds
  7 crocodiles
  An octopode zombie (Crypt:2)
  13 bullfrogs
  3 gnoll sergeants
  A deep troll simulacrum (Vaults:4)
  2 elf skeletons (D:5)
  4 earth elementals
  3 scorpions
  A wyvern skeleton (D:12)
  A water moccasin skeleton (D:6)
  11 killer bees
  3 electric eels
  15 wights
  A howler monkey (D:5)
  4 crimson imps
  2 bullfrog zombies
  A wolf skeleton (Crypt:1)
  A quasit (D:8)
  2 human zombies
  7 jellies
  Crazy Yiuf (D:4)
  10 hounds
  15 orc priests
  2 gnoll shamans (D:6)
  A bullfrog skeleton (Crypt:1)
  3 iguanas
  Terence (D:2)
  6 human skeletons (D:5)
  21 orc wizards
  11 worker ants
  2 killer bee zombies
  2 hound zombies
  A hound skeleton (D:7)
  4 mummies
  2 worker ant zombies
  23 gnolls
  11 adders
  5 shadow imps
  2 oozes
  2 adder zombies
  An iguana zombie (Crypt:1)
  An adder skeleton (D:4)
  A dart slug (D:2)
  3 worms
  2 leopard geckos
  112 orcs
  11 giant cockroaches
  10 goblins
  16 hobgoblins
  2 jackals (D:1)
  24 kobolds
  3 quokkas
  A ball python (D:8)
  7 bats
  5 frilled lizards
  A giant cockroach zombie (Crypt:1)
  2 gnoll zombies (Ossuary)
  A goblin zombie (Ossuary)
  A hobgoblin zombie (Ossuary)
  A kobold zombie (Ossuary)
  3 orc skeletons (D:5)
  2 orc zombies (Ossuary)
  A quokka skeleton (D:7)
  A quokka zombie (D:8)
  2 rats
  2 crawling corpses (Elf:3)
  3 fire vortices
  A fungus (Lair:4)
  3 plants
  2 tentacles
2786 creatures vanquished.

Vanquished Creatures (collateral kills)
  A draconian knight (Zot:2)
  A cacodemon (Pan)
  A green draconian (Zot:2)
  A large abomination (Pan)
  A chaos spawn (Pan)
5 creatures vanquished.

Vanquished Creatures (others)
  A vampire knight (Depths:4)
  A merfolk javelineer (Shoals:4)
  A merfolk aquamancer (Shoals:4)
  A hell hog (Depths:4)
  A tengu warrior (Depths:1)
  A deep troll (Depths:1)
  2 deep elf archers
  2 cyclopes
  An ugly thing (Depths:1)
  A shadow (D:15)
  A ynoxinul (Pan)
  A centaur (D:15)
  An orc (Orc:1)
  2 blocks of ice (Pan)
  48 fire vortices
  4 fungi
  44 plants
  5 tentacles
118 creatures vanquished.

Grand Total: 2909 creatures vanquished

Notes
Turn   | Place    | Note
-------+----------+-------------------------------------------
     0 | D:1      | theanonym the Gargoyle Conjurer began the quest for the Orb.
     0 | D:1      | Reached XP level 1. HP: 10/10 MP: 3/3
    77 | D:1      | Reached XP level 2. HP: 7/16 MP: 0/5
    86 | D:1      | Learned a level 2 spell: Searing Ray
   356 | D:1      | Reached skill level 1 in Fighting
   852 | D:1      | Reached XP level 3. HP: 20/20 MP: 4/6
  1410 | D:2      | Found a shattered altar of Ashenzari.
  1647 | D:2      | Reached skill level 5 in Conjurations
  1665 | D:2      | Reached skill level 2 in Fighting
  1684 | D:2      | Reached XP level 4. HP: 17/26 MP: 0/8
  1963 | D:2      | Found an ancient bone altar of Kikubaaqudgha.
  2047 | D:2      | Noticed Terence
  2062 | D:2      | Killed Terence
  2213 | D:2      | Noticed a centaur
  2459 | D:2      | theanonym: !lg * urune=15 s=god
  2480 | D:3      | Reached skill level 3 in Spellcasting
  2492 | D:3      | theanonym: !lg * urune=15 s=god
  2493 | D:3      | beem: 15592 games for * (urune=15): 3758x The Shining One, 1761x Vehumet, 1446x Makhleb, 1357x Cheibriados, 1148x Zin, 846x Ashenzari, 784x Sif Muna, 567x Okawaru, 485x Gozag, 377x Kikubaaqudgha, 354x Ru, 311x, 283x Xom, 282x Trog, 278x Qazlal, 273x Dithmenos, 225x Uskayaw, 205x Lugonu, 180x Jiyva, 173x Nemelex Xobeh, 113x Hepliaklqana, 92x Beogh, 86x Elyvilon, 66x Pakellas, 54x Fedhas, 51x Wu Jian, 3...
  2493 | D:3      | beem: 15592 games for * (urune=15): 3758x The Shining One, 1761x Vehumet, 1446x Makhleb, 1357x Cheibriados, 1148x Zin, 846x Ashenzari, 784x Sif Muna, 567x Okawaru, 485x Gozag, 377x Kikubaaqudgha, 354x Ru, 311x, 283x Xom, 282x Trog, 278x Qazlal, 273x Dithmenos, 225x Uskayaw, 205x Lugonu, 180x Jiyva, 173x Nemelex Xobeh, 113x Hepliaklqana, 92x Beogh, 86x Elyvilon, 66x Pakellas, 54x Fedhas, 51x Wu Jian, 3...
  2578 | D:3      | Reached XP level 5. HP: 31/31 MP: 4/9
  2584 | D:3      | Learned a level 4 spell: Force Lance
  2896 | D:3      | Reached skill level 3 in Fighting
  3627 | D:4      | Gained mutation: Your mind is acute. (Int +2) [potion of mutation]
  3627 | D:4      | Gained mutation: You are agile. (Dex +2) [potion of mutation]
  3627 | D:4      | Gained mutation: You are very agile. (Dex +4) [potion of mutation]
  3632 | D:4      | Reached XP level 6. HP: 37/37 MP: 11/11
  3666 | D:4      | Identified the Papyrus of the Lucky Blaze
  3687 | D:4      | Reached skill level 6 in Conjurations
  3764 | D:4      | Reached skill level 4 in Fighting
  3764 | D:4      | Reached skill level 4 in Spellcasting
  3816 | D:4      | Reached XP level 7. HP: 43/43 MP: 13/13
  4593 | D:4      | Found a runed door.
  4597 | D:4      | Noticed Crazy Yiuf
  4602 | D:4      | Killed Crazy Yiuf
  4724 | D:5      | Entered Level 5 of the Dungeon
  4753 | D:5      | HP: 4/44 [ogre/giant club (22)]
  5082 | D:5      | Reached skill level 5 in Fighting
  5082 | D:5      | Reached skill level 1 in Translocations
  5159 | D:5      | Reached skill level 7 in Conjurations
  5159 | D:5      | Reached XP level 8. HP: 26/49 MP: 15/15
  5160 | D:5      | Found a sand-covered staircase.
  5357 | D:5      | Learned a level 7 spell: Ring of Flames
  5358 | Ossuary  | Entered an ossuary
  6063 | D:5      | Reached skill level 5 in Spellcasting
  6189 | D:5      | Reached skill level 1 in Charms
  6189 | D:5      | Reached skill level 2 in Translocations
  6894 | D:5      | Reached skill level 2 in Charms
  7311 | D:6      | Noticed graki42's ghost (novice DrTm)
  7414 | D:6      | Reached skill level 6 in Fighting
  7639 | D:6      | Reached skill level 3 in Translocations
  7639 | D:6      | Reached XP level 9. HP: 55/55 MP: 17/17
  7764 | D:6      | Reached skill level 8 in Conjurations
  7973 | D:6      | Learned a level 4 spell: Iskenderun's Mystic Blast
  8753 | D:6      | Killed graki42's ghost
  8753 | D:6      | Reached skill level 6 in Spellcasting
  8753 | D:6      | Reached skill level 4 in Translocations
  8879 | D:6      | Reached skill level 7 in Fighting
  9591 | D:6      | Found Tudiez's Book Boutique.
  9650 | D:6      | Bought a book of Minor Magic for 200 gold pieces
  9653 | D:6      | Learned a level 2 spell: Blink
  9689 | D:6      | Reached skill level 1 in Shields
  9975 | D:7      | Found a staircase to the Ecumenical Temple.
  9988 | Temple   | Entered the Ecumenical Temple
 10175 | Temple   | Became a worshipper of Sif Muna the Loreminder
 10225 | D:7      | Reached skill level 2 in Shields
 10419 | D:7      | Reached skill level 3 in Shields
 10763 | D:7      | Reached skill level 4 in Shields
 10828 | D:7      | Reached XP level 10. HP: 63/63 MP: 2/19
 11155 | D:7      | Found a sacrificial altar of Ru.
 11777 | D:8      | Reached skill level 9 in Conjurations
 11824 | D:8      | Reached * piety under Sif Muna
 12210 | D:8      | Noticed a two-headed ogre
 12223 | D:8      | Killed a two-headed ogre
 12223 | D:8      | Reached skill level 8 in Fighting
 12223 | D:8      | Reached skill level 7 in Spellcasting
 12223 | D:8      | Reached skill level 5 in Translocations
 12403 | D:8      | Found Xyluinn's Serpentskin Sales.
 12654 | D:8      | Noticed a two-headed ogre
 12657 | D:8      | Killed a two-headed ogre
 12919 | D:8      | Noticed a two-headed ogre
 12931 | D:8      | Killed a two-headed ogre
 12931 | D:8      | Reached skill level 10 in Conjurations
 13070 | D:8      | Noticed a two-headed ogre
 13226 | D:7      | Reached skill level 9 in Fighting
 13226 | D:7      | Reached XP level 11. HP: 52/71 MP: 2/22
 13438 | D:7      | Reached ** piety under Sif Muna
 13450 | D:7      | Reached skill level 8 in Spellcasting
 14376 | D:8      | Found a white marble altar of Elyvilon.
 14376 | D:8      | Found a glowing silver altar of Zin.
 14415 | D:8      | Killed a two-headed ogre
 14529 | D:8      | Found Gotutteu's Assorted Antiques.
 14545 | D:8      | Bought a leatherbound book for 360 gold pieces
 14732 | D:9      | Noticed a manticore
 16028 | D:9      | a manticore changed into a floating eye
 16031 | D:9      | Reached skill level 9 in Spellcasting
 16174 | D:9      | Noticed Erolcha
 16180 | D:9      | Killed Erolcha
 16245 | D:9      | Reached *** piety under Sif Muna
 16611 | D:9      | Noticed a two-headed ogre
 16612 | D:9      | Found an iron altar of Okawaru.
 16617 | D:9      | Killed a two-headed ogre
 16617 | D:9      | Reached skill level 10 in Fighting
 16617 | D:9      | Reached skill level 1 in Invocations
 16871 | D:9      | Found a staircase to the Orcish Mines.
 16899 | D:9      | Reached skill level 2 in Invocations
 17485 | D:9      | Noticed a moth of wrath
 17488 | D:9      | Found a bloodstained altar of Trog.
 17557 | D:9      | Reached skill level 3 in Invocations
 17991 | Orc:1    | Entered Level 1 of the Orcish Mines
 17991 | Orc:1    | Noticed Fannar
 17991 | Orc:1    | Noticed an orc sorcerer
 17992 | Orc:1    | Paralysed by an orc sorcerer for 3 turns
 17993 | Orc:1    | Noticed an orc warlord
 18028 | D:9      | Noticed a sun demon
 18029 | D:9      | Paralysed by an orc sorcerer for 3 turns
 18180 | D:9      | Killed an orc sorcerer
 18180 | D:9      | Reached skill level 4 in Invocations
 18297 | Orc:1    | Reached skill level 5 in Invocations
 18297 | Orc:1    | Reached XP level 12. HP: 73/77 MP: 18/25
 18305 | D:9      | HP: 12/77 [orc warlord/battleaxe of chopping (17)]
 18308 | D:9      | Killed an orc warlord
 18308 | D:9      | Reached skill level 6 in Invocations
 18588 | Orc:1    | Killed Fannar
 18588 | Orc:1    | Reached skill level 7 in Invocations
 19024 | Orc:2    | Entered Level 2 of the Orcish Mines
 19272 | Orc:2    | Noticed an orc warlord
 19272 | Orc:2    | Reached skill level 8 in Invocations
 19422 | D:10     | Entered Level 10 of the Dungeon
 19507 | D:10     | Noticed Snorg
 20017 | D:10     | Reached skill level 11 in Conjurations
 20271 | D:10     | Killed Snorg
 20715 | D:10     | Found Yteyde's Antique Armour Emporium.
 20727 | D:10     | Bought an ichor-stained helmet for 275 gold pieces
 20732 | D:10     | Identified the +1 helmet of Qiweeff {rPois rF+++ Regen+ Dex-4} (You bought it in a shop on level 10 of the Dungeon)
 20793 | D:10     | Reached skill level 10 in Spellcasting
 21587 | D:11     | Reached skill level 9 in Invocations
 21919 | D:11     | Found a staircase to the Lair.
 22255 | Lair:1   | Entered Level 1 of the Lair of Beasts
 22839 | Lair:1   | Reached **** piety under Sif Muna
 23394 | Lair:1   | Reached XP level 13. HP: 78/82 MP: 10/27
 23395 | Lair:1   | Reached skill level 12 in Conjurations
 24026 | Lair:1   | Reached skill level 10 in Invocations
 24290 | Lair:1   | Learned a level 4 spell: Throw Icicle
 24600 | Lair:2   | Reached skill level 1 in Ice Magic
 24762 | Lair:2   | Reached skill level 2 in Ice Magic
 24781 | Lair:2   | Found a frozen archway.
 24949 | IceCv    | Entered an ice cave
 24986 | IceCv    | Reached skill level 3 in Ice Magic
 25336 | IceCv    | Reached skill level 4 in Ice Magic
 25602 | IceCv    | Noticed an ice dragon
 25603 | IceCv    | Noticed an ice dragon
 25614 | IceCv    | Killed an ice dragon
 25624 | IceCv    | Killed an ice dragon
 25732 | IceCv    | Got a sparkling lead ring
 25751 | IceCv    | Identified the ring "Veunebur" {Fire rPois Stlth+} (You found it in an ice cave)
 25970 | Lair:2   | Reached skill level 5 in Ice Magic
 26668 | Lair:3   | Reached skill level 13 in Conjurations
 27271 | Lair:3   | Reached skill level 6 in Ice Magic
 27360 | Lair:3   | Found a staircase to the Shoals.
 28283 | Lair:4   | Reached skill level 7 in Ice Magic
 28572 | Lair:4   | Found a hole to the Spider Nest.
 28912 | Lair:4   | Gained mutation: Your large and strong wings let you fly indefinitely. [Gargoyle growth]
 28912 | Lair:4   | Reached XP level 14. HP: 78/88 MP: 2/28
 29161 | Lair:4   | Reached skill level 8 in Ice Magic
 30291 | Lair:5   | Reached skill level 14 in Conjurations
 30509 | Lair:5   | Noticed Nessos
 30520 | Lair:5   | Killed Nessos
 30756 | Lair:5   | Found a viscous altar of Jiyva.
 30757 | Lair:5   | Found a staircase to the Slime Pits.
 30828 | Lair:6   | Entered Level 6 of the Lair of Beasts
 31299 | Lair:6   | Reached ***** piety under Sif Muna
 31455 | Lair:6   | Reached skill level 15 in Conjurations
 31653 | Lair:6   | Identified Jady's Volume of Talismans and Battle Magic {god gift} (Sif Muna gifted it to you on level 6 of the Lair of Beasts)
 31653 | Lair:6   | Received a gift from Sif Muna
 31908 | Lair:6   | Reached skill level 11 in Spellcasting
 33018 | Lair:6   | Reached skill level 11 in Fighting
 33068 | Lair:6   | Reached skill level 9 in Ice Magic
 33947 | Orc:2    | Killed an orc warlord
 34709 | Orc:1    | Found a burning altar of Makhleb.
 35049 | Orc:2    | Found Tiakar's Weapon Shop.
 35049 | Orc:2    | Found Giss's Assorted Antiques.
 35049 | Orc:2    | Found Pukhleece's Jewellery Shoppe.
 35106 | Orc:2    | Reached XP level 15. HP: 50/95 MP: 0/30
 35607 | Orc:2    | Noticed an orc warlord
 35972 | Orc:2    | Found Rudinkur's Antique Armour Boutique.
 35981 | Orc:2    | Bought a pair of distressingly furry gloves for 285 gold pieces
 35991 | Orc:2    | Identified the +4 pair of gloves of the Evening {rC- rN+ Dex+8} (You bought it in a shop on level 2 of the Orcish Mines)
 36116 | Orc:2    | Killed an orc warlord
 36331 | Orc:2    | Found a staircase to the Elven Halls.
 37220 | D:12     | Reached skill level 12 in Spellcasting
 37962 | D:12     | Reached skill level 10 in Ice Magic
 38230 | D:13     | Reached skill level 12 in Fighting
 38312 | D:13     | Found a flickering gateway to a bazaar.
 38321 | Bazaar   | Entered a bazaar
 38321 | Bazaar   | Found Ifeif's Jewellery Boutique.
 38321 | Bazaar   | Found Gobbuboe's Book Boutique.
 38362 | Bazaar   | Bought a book of Power for 630 gold pieces
 38370 | Bazaar   | Bought a +4 amulet of reflection for 378 gold pieces
 38371 | Bazaar   | Found Zedan's Distillery.
 38379 | Bazaar   | Bought a potion of heal wounds for 60 gold pieces
 38379 | Bazaar   | Bought a potion of heal wounds for 60 gold pieces
 38379 | Bazaar   | Bought a potion of magic for 96 gold pieces
 38420 | Bazaar   | Found Abudiat's Antique Weapon Shoppe.
 38476 | Bazaar   | Bought a book of Flames for 490 gold pieces
 38483 | Bazaar   | Learned a level 5 spell: Fireball
 38489 | Bazaar   | Learned a level 5 spell: Iskenderun's Battlesphere
 38497 | Bazaar   | Learned a level 7 spell: Orb of Destruction
 38737 | D:13     | Reached skill level 1 in Fire Magic
 39188 | D:13     | Reached skill level 2 in Fire Magic
 39562 | D:13     | Found a glowing silver altar of Zin.
 39758 | D:13     | Found a gate to the Vaults.
 39939 | D:14     | Reached skill level 3 in Fire Magic
 40055 | D:14     | Noticed Rupert
 40056 | D:14     | Paralysed by Rupert for 6 turns
 40063 | D:14     | Killed Rupert
 40389 | D:13     | Reached skill level 4 in Fire Magic
 40764 | D:14     | Identified Sif Muna's Incunabulum of the Hot Ocelot {god gift} (Sif Muna gifted it to you on level 14 of the Dungeon)
 40764 | D:14     | Received a gift from Sif Muna
 40775 | D:14     | Learned a level 6 spell: Bolt of Cold
 42019 | D:14     | Noticed Kirke
 42038 | D:14     | Killed Kirke
 42038 | D:14     | Reached skill level 5 in Fire Magic
 42245 | D:15     | Entered Level 15 of the Dungeon
 42327 | D:15     | Reached XP level 16. HP: 101/101 MP: 3/32
 43068 | D:15     | Reached skill level 6 in Fire Magic
 43654 | D:15     | Reached skill level 11 in Ice Magic
 44261 | D:15     | Found a staircase to the Depths.
 44645 | Shoals:1 | Entered Level 1 of the Shoals
 44651 | Shoals:1 | Identified Qieg's Grimoire of Poisoning and Moulding {god gift} (Sif Muna gifted it to you on level 1 of the Shoals)
 44651 | Shoals:1 | Received a gift from Sif Muna
 44801 | Shoals:1 | Reached skill level 7 in Fire Magic
 45733 | Shoals:1 | Reached skill level 16 in Conjurations
 45941 | Shoals:1 | Got a slimy scale mail
 46807 | Shoals:1 | Identified the +5 scale mail "Iresm" {Str+3} (You found it on level 1 of the Shoals)
 46820 | Shoals:2 | Found Itomaohi's Food Shoppe.
 46946 | Shoals:2 | Reached skill level 8 in Fire Magic
 46947 | Shoals:2 | Reached skill level 13 in Spellcasting
 48836 | Shoals:3 | Reached skill level 9 in Fire Magic
 49265 | Shoals:3 | Noticed a kraken
 49272 | Shoals:3 | Killed a kraken
 49272 | Shoals:3 | Reached XP level 17. HP: 87/106 MP: 14/34
 50116 | Shoals:4 | Entered Level 4 of the Shoals
 50136 | Shoals:4 | Noticed Ilsuiw
 50318 | Shoals:4 | Identified Sif Muna's Handbook of the Snowflakes and Ignition {god gift} (Sif Muna gifted it to you on level 4 of the Shoals)
 50318 | Shoals:4 | Received a gift from Sif Muna
 50324 | Shoals:4 | Reached skill level 12 in Ice Magic
 50484 | Shoals:3 | Reached skill level 10 in Fire Magic
 50585 | Shoals:4 | Killed Ilsuiw
 50780 | Shoals:4 | Noticed Ontamu's ghost (adept GnCj)
 51707 | Depths:1 | Entered Level 1 of the Depths
 51866 | Depths:1 | Found the +2 shield of Resistance {rF+ rC+ MR+}
 51952 | D:15     | Reached skill level 5 in Shields
 52288 | Depths:1 | Reached skill level 6 in Shields
 52531 | Depths:1 | Found a gateway to Hell.
 52542 | Depths:1 | Reached skill level 14 in Spellcasting
 52550 | Depths:1 | Reached skill level 7 in Shields
 53027 | Depths:1 | Found Wabitt's Jewellery Emporium.
 53028 | Depths:1 | Found Ulirr's Gadget Shop.
 53028 | Depths:1 | Found Yremaj's Gadget Shop.
 53071 | Depths:1 | Reached XP level 18. HP: 112/112 MP: 21/36
 53106 | Depths:1 | Reached skill level 8 in Shields
 53338 | Depths:1 | Reached skill level 9 in Shields
 53780 | Depths:1 | Found a one-way gate to the infinite horrors of the Abyss.
 53816 | Depths:1 | Reached skill level 10 in Shields
 53892 | Depths:1 | Found a one-way gate leading to the halls of Pandemonium.
 54330 | Depths:1 | Reached skill level 11 in Shields
 54694 | Elf:1    | Entered Level 1 of the Elven Halls
 54730 | Orc:2    | Bought an embroidered robe for 111 gold pieces
 55343 | Elf:1    | Reached skill level 12 in Shields
 55796 | Elf:1    | Found Ikot's Armour Boutique.
 57117 | Elf:2    | Found a runed gate.
 57117 | Elf:2    | Found a runed gate.
 57118 | Elf:2    | Found a runed gate.
 57259 | Elf:2    | Reached skill level 13 in Shields
 57939 | Elf:2    | Reached skill level 14 in Shields
 58019 | Elf:2    | Reached XP level 19. HP: 116/116 MP: 8/37
 58561 | Elf:2    | Noticed Saint Roka
 58576 | Elf:2    | Killed Saint Roka
 58576 | Elf:2    | Reached skill level 13 in Ice Magic
 58881 | Elf:2    | Noticed Louise
 58929 | Elf:2    | Killed Louise
 58993 | Elf:2    | Reached skill level 17 in Conjurations
 59944 | Shoals:4 | Reached skill level 15 in Shields
 60058 | Shoals:4 | Killed Ontamu's ghost
 60512 | Shoals:4 | Reached skill level 11 in Fire Magic
 61658 | Shoals:4 | Got a barnacled rune of Zot
 62283 | Shoals:4 | Identified 2 scrolls of acquirement
 62294 | Shoals:4 | Identified the amulet of Gin and Tonic {RegenMP rN++ Str-3 Stlth+} (You acquired it on level 4 of the Shoals)
 62302 | Shoals:4 | Got a transparent amber ring
 62304 | Shoals:4 | Identified the ring "Zoadoixa" {rF+ rN+ Str+3 Stlth+} (You acquired it on level 4 of the Shoals)
 62637 | Elf:3    | Entered Level 3 of the Elven Halls
 62640 | Elf:3    | Noticed an Ice Fiend
 62737 | Elf:3    | Reached skill level 11 in Invocations
 62830 | Elf:3    | Found Luipnuink's Antique Armour Emporium.
 62841 | Elf:3    | Bought a glowing scarf for 288 gold pieces
 62995 | Elf:3    | Found Nohyeps's Antique Armour Boutique.
 63028 | Elf:3    | Found Naism's Distillery.
 63036 | Elf:3    | Bought a potion of heal wounds for 95 gold pieces
 63081 | Elf:3    | Noticed Aizul
 63091 | Elf:3    | Killed Aizul
 63171 | Elf:3    | Found Ewotauc's Distillery.
 63240 | Elf:3    | Found Awnuceh's General Store.
 63257 | Elf:3    | Bought a potion of brilliance for 60 gold pieces
 63363 | Elf:3    | Found a radiant altar of Vehumet.
 63392 | Elf:3    | Reached XP level 20. HP: 98/122 MP: 11/38
 63545 | Elf:3    | Reached skill level 12 in Fire Magic
 63564 | Elf:3    | Noticed a Tzitzimitl
 63981 | Elf:3    | Received a gift from Sif Muna
 64410 | Elf:3    | Reached skill level 14 in Ice Magic
 64620 | Elf:3    | Identified the Compendium of Ashen Stolen Souls
 64626 | Elf:3    | Identified the Volume of Ensnaring Ice
 65406 | Depths:2 | Reached skill level 13 in Fire Magic
 65480 | Depths:2 | Noticed Frederick
 65484 | Depths:2 | Reached skill level 15 in Spellcasting
 65484 | Depths:2 | Reached skill level 12 in Invocations
 65488 | Depths:2 | Killed Frederick
 65491 | Depths:2 | Noticed Sojobo
 65493 | Depths:2 | Noticed Agnes
 65500 | Depths:2 | Killed Agnes
 65501 | Depths:2 | Killed Sojobo
 65529 | Depths:1 | Received a gift from Sif Muna
 65613 | Depths:2 | Reached skill level 18 in Conjurations
 65655 | Depths:2 | Reached XP level 21. HP: 82/127 MP: 4/40
 65689 | Depths:2 | Noticed a caustic shrike
 66062 | Depths:2 | Killed a caustic shrike
 66520 | Depths:2 | Learned a level 2 spell: Swiftness
 66875 | Elf:1    | Bought the +4 leather armour of Logrump {rElec rF+ rC+ Regen+} for 650 gold pieces
 67352 | Depths:3 | Noticed a golden dragon
 67446 | Depths:3 | Killed a golden dragon
 67455 | Depths:3 | Reached skill level 1 in Armour
 67842 | Depths:2 | Reached skill level 14 in Fire Magic
 68384 | Depths:3 | Reached skill level 2 in Armour
 69157 | Depths:3 | Received a gift from Sif Muna
 69395 | Depths:3 | Reached skill level 3 in Armour
 70340 | Depths:3 | Learned a level 8 spell: Ignition
 70614 | Spider:1 | Entered Level 1 of the Spider Nest
 70620 | Spider:1 | Reached skill level 13 in Invocations
 71089 | Spider:1 | Reached skill level 4 in Armour
 71378 | Spider:1 | Noticed Asterion
 71719 | Spider:2 | Reached XP level 22. HP: 115/133 MP: 37/41
 72122 | Spider:2 | Got an ancient jade ring
 72124 | Spider:2 | Identified the ring "Kipsocec" {rC++ EV+2} (You acquired it on level 2 of the Spider Nest)
 73137 | Vaults:1 | Entered Level 1 of the Vaults
 73681 | Vaults:1 | Reached skill level 15 in Ice Magic
 73861 | Vaults:1 | Received a gift from Sif Muna
 73862 | Vaults:1 | Identified Sif Muna's Compendium of Warped Sinister Arts {god gift} (Sif Muna gifted it to you on level 1 of the Vaults)
 73899 | Vaults:1 | Reached skill level 15 in Fire Magic
 74074 | Vaults:1 | Noticed stickyfingers's ghost (adept TeEE)
 74080 | Vaults:1 | Killed stickyfingers's ghost
 74080 | Vaults:1 | Reached skill level 5 in Armour
 74209 | Vaults:1 | theanonym: ??armour
 74209 | Vaults:1 | beem: armour[1/5]: AC reduces incoming damage from most sources by 1d(AC+1)-1. This occurs before resistances. This can reduce it to 0. You might still get poisoned, banished etc. though. Some electric attacks (such as shock, lightning bolt, electric eel blasts) only check half of your AC. Impact damage from poison spells checks ac, the poison damage itself does not.
 74209 | Vaults:1 | theanonym: ??armour[2
 74209 | Vaults:1 | beem: armour[2/5]: Torment, smite, damnation, electrocution, and a handful of other abilities/effects ignore AC. The only player-castable damage spells that ignore AC are freeze, refrigeration, sticky flame, static discharge, pain, vampiric draining, Olgreb's Toxic Radiance, ignite poison, and agony. Note that all of these spells also ignore EV.
 74209 | Vaults:1 | theanonym: ??armour[3
 74209 | Vaults:1 | beem: armour skill[1/2]: Armour skill reduces the penalties associated with heavy armours, and increases the effectiveness of your armour by 1/22nd of its base value per level of skill.
 74209 | Vaults:1 | theanonym: ??armour[4
 74209 | Vaults:1 | beem: armours[1/2]: In order of ER, ascending: {robe}, {leather armour}, {troll leather armour}, {ring mail}, {scale mail}, {chain mail}, {plate armour}, {crystal plate armour}
 74217 | Vaults:1 | Found Ottij's Jewellery Emporium.
 75941 | Vaults:2 | Reached skill level 13 in Fighting
 76390 | Vaults:2 | Identified Sif Muna's Almanac of Darkness and Combat Magic {god gift} (Sif Muna gifted it to you on level 2 of the Vaults)
 76390 | Vaults:2 | Received a gift from Sif Muna
 76488 | Vaults:2 | Noticed Bai Suzhen
 76497 | Vaults:2 | Killed Bai Suzhen
 76497 | Vaults:2 | Reached skill level 6 in Armour
 76655 | Vaults:2 | Wingboner: Ня.
 76810 | Vaults:2 | Reached XP level 23. HP: 125/140 MP: 25/42
 76810 | Vaults:2 | Reached skill level 16 in Spellcasting
 76829 | Vaults:2 | Reached skill level 19 in Conjurations
 77191 | Vaults:2 | Found a staircase to the Crypt.
 78127 | Vaults:3 | Noticed a golden dragon
 78139 | Vaults:3 | Killed a golden dragon
 78139 | Vaults:3 | Reached skill level 16 in Fire Magic
 78139 | Vaults:3 | Reached skill level 14 in Invocations
 78149 | Vaults:3 | Reached skill level 7 in Armour
 78496 | Vaults:3 | Identified Sif Muna's Tome of Hurtful Aid {god gift} (Sif Muna gifted it to you on level 3 of the Vaults)
 78496 | Vaults:3 | Received a gift from Sif Muna
 80599 | Vaults:4 | Learned a level 6 spell: Bolt of Fire
 81039 | Depths:4 | Reached skill level 8 in Armour
 81200 | Depths:4 | Found a gateway to a ziggurat.
 81200 | Depths:4 | Noticed an ancient lich
 81246 | Depths:4 | Reached XP level 24. HP: 144/147 MP: 25/43
 81342 | Depths:4 | Found Osuok's General Store.
 81345 | Depths:4 | Reached skill level 14 in Fighting
 81695 | Depths:4 | Bought a scroll of blinking for 187 gold pieces
 81776 | Depths:4 | Noticed an ancient lich
 82160 | Spider:3 | Identified Sif Muna's Tome of the Shifting Frostbite {god gift} (Sif Muna gifted it to you on level 3 of the Spider Nest)
 82160 | Spider:3 | Received a gift from Sif Muna
 82773 | Crypt:1  | Entered Level 1 of the Crypt
 83320 | Crypt:1  | Reached skill level 20 in Conjurations
 83801 | Crypt:1  | Reached skill level 17 in Spellcasting
 84102 | Crypt:1  | Learned a level 9 spell: Fire Storm
 84319 | Crypt:1  | Reached skill level 15 in Invocations
 84404 | Crypt:2  | Reached skill level 17 in Fire Magic
 84675 | Crypt:2  | Noticed Jorgrun
 84681 | Crypt:2  | Killed Jorgrun
 85098 | Crypt:2  | Found an ancient bone altar of Kikubaaqudgha.
 85161 | Crypt:2  | Noticed a greater mummy
 85163 | Crypt:2  | Noticed a greater mummy
 85164 | Crypt:2  | Noticed Khufu
 85170 | Crypt:2  | Killed a greater mummy
 85176 | Crypt:2  | Killed a greater mummy
 85176 | Crypt:2  | Identified Sif Muna's Compendium of Confrontation {god gift} (Sif Muna gifted it to you on level 2 of the Crypt)
 85176 | Crypt:2  | Received a gift from Sif Muna
 85180 | Crypt:2  | Killed Khufu
 85620 | Crypt:2  | Reached skill level 15 in Fighting
 85705 | Crypt:2  | Reached XP level 25. HP: 155/155 MP: 30/44
 85955 | Crypt:3  | Entered Level 3 of the Crypt
 86249 | Crypt:3  | Found an ancient bone altar of Kikubaaqudgha.
 86249 | Crypt:3  | Noticed an ancient lich
 86975 | Crypt:3  | Identified Sif Muna's Papyrus of Dark Rituals and Transmigration {god gift} (Sif Muna gifted it to you on level 3 of the Crypt)
 86975 | Crypt:3  | Received a gift from Sif Muna
 87507 | Crypt:3  | Got a shimmering scale mail
 87585 | Crypt:3  | Identified the +1 scale mail of a Million Songs {MP+9 Dex+2} (You took it off a skeletal warrior on level 3 of the Crypt)
 87752 | Crypt:3  | Found a staircase to the Tomb.
 87771 | Crypt:3  | Identified the Tome of Evil Arts
 88051 | Crypt:3  | Killed an ancient lich
 88125 | Crypt:3  | Got a translucent copper ring
 88125 | Crypt:3  | Got a warped amber ring
 88125 | Crypt:3  | Got a vibrating amber ring
 88127 | Crypt:3  | Identified the ring "Editaeho" {+Blink rN+ Str+3} (You found it on level 3 of the Crypt)
 88129 | Crypt:3  | Identified the ring of Jogix {rN+ MR+} (You found it on level 3 of the Crypt)
 88131 | Crypt:3  | Identified the ring "Zueceo Raita" {rN+ MR+ Str+3 Dex+4} (You found it on level 3 of the Crypt)
 88411 | Depths:1 | Bought the ring of Dawn {rC++ MR+ Str-2 Dex+3} for 928 gold pieces
 88421 | Depths:1 | theanonym: ?@ royal jelly
 88421 | Depths:1 | theanonym: ?? royal jelly
 88421 | Depths:1 | beem: royal jelly[1/2]: 2000 nutrition with no other effects. For the boss of the Slime Pits, see {the royal jelly}.
 88421 | Depths:1 | theanonym: ?@ the royal jelly
 88421 | Depths:1 | theanonym: @? the royal jelly
 88421 | Depths:1 | beem: Royal Jelly (J)
                  | Spd:
    14 | HD: 21   | HP: 196-273
                  | AC/EV: 8/4
                  | Dam: 50(acid:7d3), 30(acid:7d3)
                  | eats doors, see invisible, unbreathing
                  | Res: magic(180), poison, acid+++, blind, drown
                  | Vul: silver
                  | XP:
 14307 | Sz: Large | Int: brainless.
 89196 | Slime:1  | Entered Level 1 of the Pits of Slime
 89276 | Slime:3  | Reached skill level 18 in Fire Magic
 89412 | Slime:3  | Reached skill level 21 in Conjurations
 89471 | Slime:3  | Reached skill level 18 in Spellcasting
 89590 | Slime:3  | Reached skill level 16 in Ice Magic
 89794 | Slime:4  | Lost mutation: Your mind is acute. (Int +2) [a shining eye]
 89839 | Slime:5  | Entered Level 5 of the Pits of Slime
 89841 | Slime:5  | Identified Sif Muna's Catalogue of Attacks and Hexes {god gift} (Sif Muna gifted it to you on level 5 of the Pits of Slime)
 89841 | Slime:5  | Received a gift from Sif Muna
 89893 | Slime:5  | Gained mutation: You expend magic power (3 MP) to strengthen your wands. [a shining eye]
 90127 | Slime:5  | Found a viscous altar of Jiyva.
 90447 | Slime:5  | Reached XP level 26. HP: 160/160 MP: 37/45
 90473 | Slime:5  | Noticed the Royal Jelly
 90479 | Slime:5  | Killed the Royal Jelly
 90570 | Slime:5  | Got a slimy rune of Zot
 90652 | Slime:5  | Got a clouded pewter ring
 90676 | Slime:5  | Identified the ring "Tumotych" {*Drain rElec MP+9 Int+6 Dex-3} (You found it on level 5 of the Pits of Slime)
 91477 | Depths:1 | Learned a level 9 spell: Glaciate
 91619 | Depths:4 | Identified Lyhuodda's Reference Book on Unholy Rites
 91650 | Depths:4 | Killed an ancient lich
 91650 | Depths:4 | Identified Sif Muna's Almanac of Glacial Bewitchment {god gift} (Sif Muna gifted it to you on level 4 of the Depths)
 91650 | Depths:4 | Received a gift from Sif Muna
 91677 | Depths:4 | Learned a level 3 spell: Regeneration
 91744 | Depths:4 | Killed an ancient lich
 91865 | Depths:4 | Reached skill level 19 in Fire Magic
 92004 | Depths:4 | Reached skill level 22 in Conjurations
 92618 | Depths:4 | Found Liuts's Jewellery Emporium.
 93032 | Depths:4 | Identified Sif Muna's Almanac of the Snowflakes and Toxins {god gift} (Sif Muna gifted it to you on level 4 of the Depths)
 93032 | Depths:4 | Received a gift from Sif Muna
 93117 | Depths:4 | Found Bociav's Assorted Antiques.
 93276 | Depths:5 | Entered Level 5 of the Depths
 93682 | Depths:4 | HP: 24/160 [caustic shrike (17)]
 93688 | Depths:4 | Reached skill level 20 in Fire Magic
 94005 | Depths:5 | Received a gift from Sif Muna
 94005 | Depths:5 | Reached skill level 23 in Conjurations
 94171 | Depths:5 | Reached XP level 27. HP: 165/165 MP: 45/45
 94519 | Depths:5 | Found a gate to the Realm of Zot.
 95632 | Spider:4 | Entered Level 4 of the Spider Nest
 96339 | Spider:4 | Identified Sif Muna's Guide on Damaging Unholy Magic {god gift} (Sif Muna gifted it to you on level 4 of the Spider Nest)
 96339 | Spider:4 | Received a gift from Sif Muna
 96850 | Spider:4 | Got a gossamer rune of Zot
 97538 | Vaults:5 | Entered Level 5 of the Vaults
 97538 | Vaults:5 | Noticed Xtahua
 97539 | Vaults:5 | Reached skill level 21 in Fire Magic
 97548 | Vaults:4 | Killed Xtahua
 97720 | Vaults:4 | theanonym: !ood beem
 97720 | Vaults:4 | beem: theanonym launches a ball of destructive magic. The orb of destruction hits beem!!!!!!
 98484 | Vaults:5 | Noticed an ancient lich
 98485 | Vaults:5 | Noticed Mennas
 98773 | Zot:1    | Entered Level 1 of the Realm of Zot
 99621 | Zot:1    | Identified Sif Muna's Disquisition on Hurtful Ignition {god gift} (Sif Muna gifted it to you on level 1 of the Realm of Zot)
 99621 | Zot:1    | Received a gift from Sif Muna
100572 | Zot:2    | Reached skill level 24 in Conjurations
101147 | Vaults:1 | Learned a level 6 spell: Iron Shot
101760 | Zot:2    | Reached skill level 22 in Fire Magic
102056 | Zot:2    | Identified Woladdy's Grimoire of Congealing Translocation {god gift} (Sif Muna gifted it to you on level 2 of the Realm of Zot)
102056 | Zot:2    | Received a gift from Sif Muna
102316 | Zot:2    | Reached skill level 19 in Spellcasting
102495 | Zot:3    | Noticed an orb of fire
103176 | Zot:3    | Found the cursed +14 obsidian axe {chop, +Fly SInv *Curse}
103330 | Zot:3    | Reached skill level 17 in Ice Magic
104074 | Zot:4    | Identified Sif Muna's Compendium of Arcane Weapons and Bewitchment {god gift} (Sif Muna gifted it to you on level 4 of the Realm of Zot)
104074 | Zot:4    | Received a gift from Sif Muna
104295 | Zot:4    | Found a transporter.
104847 | Pan      | Entered Pandemonium
104848 | Pan      | Noticed Oxauxt the pandemonium lord
104861 | Pan      | Killed Oxauxt the pandemonium lord
105078 | Pan      | Received a gift from Sif Muna
105079 | Pan      | Identified Sif Muna's Compendium of Arcane Weapons {god gift} (Sif Muna gifted it to you in Pandemonium)
105217 | Pan      | Reached skill level 23 in Fire Magic
105395 | Pan      | Reached skill level 18 in Ice Magic
105985 | Pan      | Identified the Catalogue of Supportive Lightness
106119 | Pan      | theanonym: ??sap
106119 | Pan      | beem: sap magic[1/1]: A fixed-70%-chance line-of-fire hex from {warmonger}s. While affected, casting a spell has a 50% chance to apply a spellcasting success penalty, stacking up to 3 levels.
106891 | Pan      | Noticed Dachext the pandemonium lord
106892 | Pan      | Killed Dachext the pandemonium lord
106904 | Pan      | Got a demonic rune of Zot
107096 | Pan      | Received a gift from Sif Muna
107139 | Pan      | Noticed Boel the pandemonium lord
107142 | Pan      | Killed Boel the pandemonium lord
107607 | Pan      | Gained mutation: Your body sometimes deteriorates upon taking damage. [a cacodemon]
107682 | Pan      | Found an exit through the horrors of the Abyss.
108499 | Pan      | Reached skill level 19 in Ice Magic
108910 | Pan      | Identified Sif Muna's Incunabulum of Attacks {god gift} (Sif Muna gifted it to you in Pandemonium)
108910 | Pan      | Received a gift from Sif Muna
108910 | Pan      | Reached skill level 20 in Spellcasting
109132 | Pan      | Got a warped crystal plate armour
109990 | Pan      | Reached skill level 16 in Fighting
110144 | Pan      | Entered the realm of Cerebov.
110490 | Pan      | Noticed Cerebov
110492 | Pan      | Mulzaro: What does the +cast mean with sif muna?
110501 | Pan      | HP: 24/168 [Cerebov/great serpentine sword {flame} (27)]
110506 | Pan      | HP: 18/168 [Cerebov/iron shot (56)]
110506 | Pan      | Killed from afar by Cerebov

Vault maps used:
D:1:      dpeg_arrival_long_road, minmay_misc_feat_iff, minmay_pentomino_u2
D:2:      kennysheep_big_flooded_room, ashenzari_altar_1,
          kiku_gazebo_garden_becter, minmay_misc_feat_five, uniq_terence
D:3:      minmay_misc_feat_more_columns
D:4:      uniq_crazy_yiuf_cottage
D:5:      first_bread, nicolae_ossuary_entry_catacombs
D:6:      kennysheep_housing_project, serial_shops, nicolae_shop_waterfront
D:7:      nicolae_ru_path_of_blood, minmay_temple_entry_statues_fountains
D:8:      amethyst_overflow_temple_binary, serial_shops, nicolae_shop_crystal,
          grunt_livestock, guppyfry_shop_venom
D:9:      cheibrodos_fzero, tgw_trog, kennysheep_orc_monster_closet_entryway,
          basic_altar, uniq_erolcha
D:10:     serial_shops, shop, st_stairs_13, hangedman_abyss_or_decor_slice,
          minivault_11, uniq_snorg
D:11:     minmay_lair_entry_lava
D:13:     david_vaults_1, serial_shops, bzr_entry_water, basic_altar
D:14:     serial_park_square1, uniq_kirke, uniq_rupert
D:15:     gammafunk_enter_depths_forms, serial_bayou_pond_b
Temple:   regret_index_temple_sphere_string
Lair:1:   beast_lair_carwin_large_1, minmay_lair_oklob_chamber
Lair:2:   lab_entry_generic, portal_ice_cave_entry_pillars_2,
          beast_lair_carwin_11
Lair:3:   elwin_shoals_entry_stream, serial_bayou_shore_b, grunt_megastairs_5
Lair:4:   spider_nest_entry_funnel_web, kennysheep_basilisk_garden
Lair:5:   dpeg_slime_entry_enclosed_altar, serial_bayou_pond_d, uniq_nessos
Lair:6:   wormcave, hangedman_lair_caniforms_friends, lemuel_fruit_fields
Shoals:1: nicolae_shoals_square_sea_wall
Shoals:2: serial_shops, shop_statue
Shoals:4: shoals_end_grunt_ice, shoals_ilsuiw_ice, nicolae_shoals_this_corrosion
Spider:1: uniq_asterion
Spider:2: spider_trap
Spider:4: spider_rune_water
Slime:3:  nicolae_slime_round_cave
Orc:1:    bloody_makhleb, uniq_fannar
Orc:2:    st_orc_rangers, statue_in_the_mist_lemuel
Elf:1:    eino_elf_arrival_customs, serial_shops, shop,
          hangedman_corner_corridor
Elf:2:    special_room, grunt_ministairs_2, feat_on_display, uniq_saint_roka,
          uniq_louise, uniq_agnes
Elf:3:    minmay_elf_hall_hex, basic_altar, serial_shops, shop,
          nicolae_shop_trees, shop, shop, shop, uniq_aizul
Vaults:1: hangedman_vaults_nodes, hangedman_vaults_locks,
          nicolae_vaults_puzzle_piece, v_misc_30, ontoclasm_vaults_gallery,
          nicolae_vaults_theta, hangedman_vaults_corner_blocks,
          ontoclasm_vaults_chip, dpeg_vaults_monster_box, serial_shops, shop
Vaults:2: nicolae_vaults_circle_grid_a, vaults_standard_mumra_lines, v_rooms_3,
          nicolae_vaults_little_squares_2, grunt_vaults_hallway_long,
          hangedman_vaults_stretched_pinwheel, v_misc_13,
          ontoclasm_vaults_loading_screen, vaults_dpeg_ring, uniq_bai_suzhen
Vaults:3: ontoclasm_vaults_tryst, ontoclasm_vaults_misaligned,
          st_quartered_hall, hangedman_vaults_river_flow, v_misc_10,
          nicolae_vaults_ring_of_whatevers, vaults_dpeg_hooks,
          nicolae_vaults_hallways_thing, hangedman_vaults_maws,
          nicolae_vaults_three_branches, nicolae_vaults_circle_grid_b,
          grunt_vaults_hallway_short, v_misc_27
Vaults:4: nicolae_vaults_little_squares_2, ontoclasm_vaults_water_temple,
          hangedman_vaults_variations, v_misc_19, v_misc_16,
          hangedman_vaults_maws
Vaults:5: serial_shops, uniq_frederick, uniq_xtahua, uniq_mennas
Crypt:1:  minivault_27
Crypt:2:  basic_altar, grunt_megastairs_2, lemuel_elevator, uniq_jorgrun,
          uniq_khufu
Crypt:3:  cryptofortress_bobbens
Depths:1: chequers_big_river, rand_demon_pan_entry_7,
          abyss_entry_small_statue_room, hell_entry, st_stairs_5,
          lemuel_flame_loot_1, minmay_shop_grove
Depths:2: minmay_the_grid_plus, abyss_entry, hell_entry, nicolae_water_bricks,
          sword_in_stone, uniq_sojobo
Depths:3: evilmike_pillar_path, pan_entry, hell_entry
Depths:4: minmay_imperfect_grid, enter_ziggurat_c, special_room,
          grunt_hell_horde, serial_shops, shop, shop_fountains,
          kennysheep_little_box, minmay_misc_feat_nine_boxes, abyss_entry,
          minmay_protected_statue
Depths:5: evilmike_zot_entry_diamond, pf_hell_entry_tar_spiral,
          minmay_room_of_horrors, grunt_decor_arrowhead,
          fake_guardian_serpent_vault
Zot:3:    grunt_ministairs_10, st_stairs_14
Zot:4:    gammafunk_the_bubble
Pan:      nicolae_pan_door_chamber, pan_blood_fountain_small,
          grunt_pan_frozen_over, evilmike_mini_pan_layers,
          pan_blood_fountain_small, rand_demon_5, rand_demon_4, cerebov,
          pan_blood_fountain
Bazaar:   bazaar_jpeg_ribbon
Ossuary:  ossuary_crypta
IceCv:    ice_cave_small_dragons

Skill      XL: |  1  2  3  4  5  6  7  8  9 10 11 12 13 14 15 16 17 18 19 20 21 22 23 24 25 26 27 |
---------------+----------------------------------------------------------------------------------+-----
Fighting       | 1 2 3 4 5 6 7 9 10 11 12 13 15 16 | 16.1
Conjurations   | 5 6 7 8 10 11 13 15 16 17 18 19 20 21 23 24 | 24.8
Spellcasting   | 3 4 5 6 7 9 10 11 12 13 14 15 16 17 18 20 | 20.0
Translocations | 1 3 4 5 |  5.1
Charms         | 2 |  2.8
Shields        | 4 7 14 15 | 15.0
Invocations    | 5 9 10 11 12 13 14 15 | 15.0
Ice Magic      | 7 9 10 11 12 13 14 15 16 19 | 19.7
Fire Magic     | 5 9 10 11 13 14 15 16 17 18 20 23 | 23.5
Armour         | 4 6 8 |  8.0
Dodging        | |  1.5
Stealth        | |  2.1

Action                   |  1- 3 |  4- 6 |  7- 9 | 10-12 | 13-15 | 16-18 | 19-21 | 22-24 | 25-27 || total
-------------------------+-------+-------+-------+-------+-------+-------+-------+-------+-------++-------
Melee: Club              |    10 |       |       |       |       |       |       |       |       ||    10
       Dagger            |    29 |   135 |   338 |   208 |    78 |       |       |       |       ||   788
       Staff             |       |       |       |       |    74 |    43 |     7 |    89 |    60 ||   273
       Unarmed           |       |       |       |       |     7 |       |       |       |       ||     7
 Cast: Magic Dart        |    51 |    53 |   191 |    79 |     3 |       |       |       |       ||   377
       Searing Ray       |     1 |     3 |     7 |       |       |       |       |       |       ||    11
       Iskenderun's Myst |       |       |    44 |   368 |   488 |       |       |       |       ||   900
       Force Lance       |       |       |     1 |     5 |       |       |       |       |       ||     6
       Blink             |       |       |       |     3 |     4 |     6 |     2 |     2 |    17 ||    34
       Throw Icicle      |       |       |       |       |   270 |   326 |   319 |   125 |    59 ||  1099
       Iskenderun's Batt |       |       |       |       |    31 |   100 |    90 |    41 |     2 ||   264
       Fireball          |       |       |       |       |    29 |   106 |   109 |   223 |    67 ||   534
       Orb of Destructio |       |       |       |       |    16 |    60 |   140 |   280 |   284 ||   780
       Bolt of Cold      |       |       |       |       |    11 |   125 |    73 |    84 |    79 ||   372
       Bolt of Fire      |       |       |       |       |       |       |       |    81 |   167 ||   248
       Ignition          |       |       |       |       |       |       |       |     3 |   107 ||   110
       Fire Storm        |       |       |       |       |       |       |       |       |    30 ||    30
       Regeneration      |       |       |       |       |       |       |       |       |     2 ||     2
       Swiftness         |       |       |       |       |       |       |       |       |     1 ||     1
       Iron Shot         |       |       |       |       |       |       |       |       |   281 ||   281
       Glaciate          |       |       |       |       |       |       |       |       |     2 ||     2
Invok: Divine Energy     |       |       |       |     1 |       |       |       |       |       ||     1
       Channel Magic     |       |       |       |     4 |    31 |    27 |    17 |    23 |    37 ||   139
 Abil: Fly               |       |       |       |       |     1 |       |       |       |       ||     1
Evoke: Wand              |       |       |     2 |    22 |       |     2 |       |       |     1 ||    27
  Use: Scroll            |     4 |     1 |     2 |    18 |    18 |     7 |    15 |     2 |    18 ||    85
       Potion            |       |     7 |       |     6 |     5 |     3 |     5 |     2 |    12 ||    40
 Stab: Sleeping          |     1 |     3 |     9 |       |       |       |       |       |     1 ||    14
       Distracted        |       |     1 |       |       |       |       |       |       |       ||     1
       Paralysed         |       |       |     7 |     2 |       |       |       |       |       ||     9
  Eat: Chunk             |     2 |     8 |    12 |    23 |    34 |    46 |    61 |    81 |    70 ||   337
       Meat ration       |       |       |     2 |     4 |     6 |    11 |       |     5 |    11 ||    39
       Bread ration      |       |       |     2 |     4 |     6 |     3 |     6 |     3 |     5 ||    29
       Fruit             |       |       |       |       |       |     4 |     1 |     9 |    21 ||    35
       Royal jelly       |       |       |       |       |       |     3 |     6 |     4 |    12 ||    25
Armor: Robe              |    24 |    54 |   132 |       |       |    13 |    68 |       |   265 ||   556
       Skin              |       |     1 |       |       |       |       |       |       |       ||     1
       Leather armour    |       |       |       |    97 |       |       |    38 |   192 |    99 ||   426
       Scale mail        |       |       |       |   132 |   389 |   268 |       |       |       ||   789
Dodge: Dodged            |    32 |    84 |   208 |   213 |   217 |   152 |    85 |   108 |   185 ||  1284
Block: Buckler           |       |       |       |   130 |   191 |   211 |       |       |       ||   532
       Reflection        |       |       |       |       |    11 |    52 |    25 |       |     2 ||    90
       Other             |       |       |       |       |     1 |       |       |       |       ||     1
       Shield            |       |       |       |       |       |    32 |   201 |   265 |   355 ||   853

Table legend:
 A = Spawn XP
 B = Non-spawn XP
 C = Spawn XP percentage of total XP
 D = Spawn monster count
 E = Non-spawn monster count
 F = Spawn count percentage of total count
 G = Total turns spent on level
                    A         B        C        D         E        F      G
               +---------+---------+-------+---------+---------+-------+---------
         Total |   73043 | 1697775 |   4.1 |      73 |    2697 |   2.6 | 110506
               +---------+---------+-------+---------+---------+-------+---------
           D:1 |       0 |      43 |   0.0 |       0 |      24 |   0.0 |  1315
           D:2 |       0 |     103 |   0.0 |       0 |      22 |   0.0 |  1150
           D:3 |       0 |     145 |   0.0 |       0 |      37 |   0.0 |  1152
           D:4 |       0 |     618 |   0.0 |       0 |      17 |   0.0 |  1418
           D:5 |       0 |    1211 |   0.0 |       0 |      30 |   0.0 |  2232
           D:6 |       0 |    1880 |   0.0 |       0 |      36 |   0.0 |  2102
           D:7 |       0 |    1764 |   0.0 |       0 |      25 |   0.0 |  2371
           D:8 |       0 |    5688 |   0.0 |       0 |      36 |   0.0 |  3171
           D:9 |       0 |    8424 |   0.0 |       0 |      70 |   0.0 |  3593
          D:10 |       0 |    3194 |   0.0 |       0 |      18 |   0.0 |  1772
          D:11 |       0 |    2915 |   0.0 |       0 |      21 |   0.0 |  1557
          D:12 |       0 |    6613 |   0.0 |       0 |      30 |   0.0 |  2244
          D:13 |       0 |    9601 |   0.0 |       0 |      27 |   0.0 |  1746
          D:14 |       0 |   15595 |   0.0 |       0 |      41 |   0.0 |  2131
          D:15 |       0 |   18863 |   0.0 |       0 |      49 |   0.0 |  2783
        Lair:1 |       0 |    6755 |   0.0 |       0 |      36 |   0.0 |  3231
        Lair:2 |       0 |    4128 |   0.0 |       0 |      18 |   0.0 |  1200
        Lair:3 |       0 |    4878 |   0.0 |       0 |      18 |   0.0 |  2054
        Lair:4 |       0 |    7559 |   0.0 |       0 |      27 |   0.0 |  1954
        Lair:5 |       0 |    6714 |   0.0 |       0 |      25 |   0.0 |  1532
        Lair:6 |       0 |   17286 |   0.0 |       0 |      86 |   0.0 |  2556
      Shoals:1 |       0 |   16902 |   0.0 |       0 |      33 |   0.0 |  2039
      Shoals:2 |       0 |   11963 |   0.0 |       0 |      25 |   0.0 |  1402
      Shoals:3 |       0 |   21628 |   0.0 |       0 |      42 |   0.0 |  3265
      Shoals:4 |       0 |   50474 |   0.0 |       0 |      72 |   0.0 |  2163
      Spider:1 |       0 |    7664 |   0.0 |       0 |      27 |   0.0 |   934
      Spider:2 |       0 |    8948 |   0.0 |       0 |      21 |   0.0 |  1556
      Spider:3 |       0 |   16899 |   0.0 |       0 |      39 |   0.0 |   850
      Spider:4 |       0 |   29342 |   0.0 |       0 |      64 |   0.0 |  1533
       Slime:1 |       0 |    5438 |   0.0 |       0 |      10 |   0.0 |   179
       Slime:2 |       0 |    4223 |   0.0 |       0 |       4 |   0.0 |   211
       Slime:3 |       0 |   22673 |   0.0 |       0 |      36 |   0.0 |   498
       Slime:4 |       0 |    7159 |   0.0 |       0 |       8 |   0.0 |   295
       Slime:5 |       0 |   54076 |   0.0 |       0 |      51 |   0.0 |   942
         Orc:1 |       0 |    2272 |   0.0 |       0 |      20 |   0.0 |  1200
         Orc:2 |       0 |   11254 |   0.0 |       0 |      93 |   0.0 |  3070
         Elf:1 |       0 |   16480 |   0.0 |       0 |      27 |   0.0 |  2404
         Elf:2 |       0 |   62124 |   0.0 |       0 |      89 |   0.0 |  2995
         Elf:3 |       0 |   80473 |   0.0 |       0 |      86 |   0.0 |  2387
      Vaults:1 |       0 |   60692 |   0.0 |       0 |     107 |   0.0 |  2460
      Vaults:2 |       0 |   58240 |   0.0 |       0 |      95 |   0.0 |  2798
      Vaults:3 |       0 |   65456 |   0.0 |       0 |      86 |   0.0 |  2001
      Vaults:4 |       0 |   32719 |   0.0 |       0 |      46 |   0.0 |  1593
      Vaults:5 |       0 |   38942 |   0.0 |       0 |      36 |   0.0 |    18
       Crypt:1 |       0 |   38870 |   0.0 |       0 |      57 |   0.0 |  1267
       Crypt:2 |       0 |   64997 |   0.0 |       0 |      55 |   0.0 |  1579
       Crypt:3 |       0 |   62463 |   0.0 |       0 |      92 |   0.0 |  2269
      Depths:1 |       0 |   56100 |   0.0 |       0 |      73 |   0.0 |  3204
      Depths:2 |       0 |   67243 |   0.0 |       0 |      63 |   0.0 |  2222
      Depths:3 |       0 |   59575 |   0.0 |       0 |      67 |   0.0 |  2183
      Depths:4 |       0 |  129952 |   0.0 |       0 |     122 |   0.0 |  3438
      Depths:5 |       0 |   59740 |   0.0 |       0 |      61 |   0.0 |  1311
         Zot:1 |       0 |   36389 |   0.0 |       0 |      22 |   0.0 |  2159
         Zot:2 |       0 |   68681 |   0.0 |       0 |      46 |   0.0 |   989
         Zot:3 |       0 |   30046 |   0.0 |       0 |      15 |   0.0 |  1499
         Zot:4 |       0 |   25559 |   0.0 |       0 |      10 |   0.0 |   666
           Pan |   73043 |  182635 |  28.6 |      73 |     173 |  29.7 |  5659
       Ossuary |       0 |     105 |   0.0 |       0 |      11 |   0.0 |   582
         IceCv |       0 |    5402 |   0.0 |       0 |      20 |   0.0 |  1008
               +---------+---------+-------+---------+---------+-------+---------
